 Dungeon Crawl Stone Soup version 0.20-a0-809-gaf7f668 (webtiles) character file.

2014 Idiomancer the Skirmisher (level 9, -7/108 HPs)
             Began as a Demonspawn Berserker on Mar 3, 2017.
             Was a Priest of Trog.
             Killed from afar by an electric eel (11 damage)
             ... with a bolt of electricity
             ... on level 6 of the Dungeon.
             The game lasted 00:19:38 (5473 turns).

Idiomancer the Skirmisher (Demonspawn Berserker)    Turns: 5473, Time: 00:19:39

Health: -7/108     AC:  8    Str: 23    XL:     9   Next: 2%
Magic:  9/9        EV: 17    Int:  9    God:    Trog [***...]
Gold:   404        SH:  0    Dex: 20    Spells: 8/8 levels left

rFire    . . .     SeeInvis .   y - +4 Vampire's Tooth {vamp}
rCold    . . .     Gourm    +   s - +0 troll leather armour {Purgy}
rNeg     + . .     Faith    .   (no shield)
rPois    .         Spirit   .   d - +2 helmet
rElec    .         Reflect  .   (no cloak)
rCorr    .         Harm     .   (no gloves)
MR       ++...                  (no boots)
Stlth    ..........             v - amulet of the gourmand
Regen    2.7/turn               (no ring)
MPRegen  0.2/turn               m - ring of positive energy

@: agile, berserking, regenerating, very quick
A: claws 1, hooves 1, powered by death 1, powered by pain 2
a: Berserk, Trog's Hand, Burn Spellbooks, Renounce Religion


You were on level 6 of the Dungeon.
You worshipped Trog.
Trog was most pleased with you.
You were very full.

You visited 1 branch of the dungeon, and saw 6 of its levels.
You also visited: Sewer.

You collected 404 gold pieces.

Inventory:

Hand Weapons
 a - a +0 falchion
 y - the +4 Vampire's Tooth (weapon) {vamp}
   (You found it on level 5 of the Dungeon)

   It inflicts no extra harm, but heals its wielder when it wounds a living foe.
Armour
 d - a +2 helmet (worn)
 k - a +0 ring mail
 s - a +0 troll leather armour (worn) {Purgy}
Jewellery
 m - a ring of positive energy (left claw)
 v - an amulet of the gourmand (around neck)
Wands
 r - a wand of flame (33/48)
 A - a wand of digging (10/24)
Scrolls
 g - 4 scrolls of remove curse
 h - 2 scrolls of identify
 l - a scroll of amnesia {unknown}
 o - 3 scrolls of blinking
 p - a scroll of random uselessness {unknown}
 t - a scroll of magic mapping {unknown}
 u - a scroll of fear {unknown}
 w - 2 scrolls of teleportation {unknown}
Potions
 b - a potion of flight {unknown}
 e - a potion of lignification {unknown}
 f - 3 potions of magic {unknown}
 i - 3 potions of cancellation {unknown}
 n - a potion of might {unknown}
 x - a potion of heal wounds {unknown}
 z - a potion of ambrosia {unknown}
 B - a potion of curing {unknown}
 C - a potion of berserk rage {unknown}
Comestibles
 c - 3 bread rations
 j - 5 royal jellies
 q - 5 fruits
 D - a chunk of flesh


   Skills:
 + Level 7.3 Fighting
 + Level 6.9 Long Blades
 + Level 6.5 Armour
 - Level 1.7 Dodging


You had 8 spell levels left.
You didn't know any spells.

Dungeon Overview and Level Annotations

Branches:
Dungeon (6/15)
 Temple: D:4-7

Altars:
Elyvilon
Fedhas
Nemelex Xobeh
Okawaru
The Shining One


Innate Abilities, Weirdness & Mutations

You have sharp fingernails.
You have large cloven feet.
You regenerate a little health from kills.
You sometimes gain power by taking damage.


Message History

You feel agile all of a sudden.
You enter the shallow water.
Moving in this stuff is going to be slow.
The electric eel shoots out a bolt of lightning at you!
The bolt of electricity hits you!
The electric eel shoots out a bolt of lightning at you!
The bolt of electricity misses you.
The bolt of electricity hits the plant.
You see here an electric eel corpse.
You feel a strong urge to attack something.
You closely miss the electric eel.
The electric eel shoots out a bolt of lightning at you!
The bolt of electricity hits you!
* * * LOW HITPOINT WARNING * * *
The bolt of electricity hits you!
* * * LOW HITPOINT WARNING * * *
You hit the electric eel. You kick the electric eel.
The electric eel is severely wounded.
The electric eel shoots out a bolt of lightning at you!
The bolt of electricity hits you!
You die...

#....#...#'##≈$...
..#....#...#
#...##...#.#;;=≈P.
#.#....'...#
#...###+##.#≈.≈P..
#≈#....#...#
#........#.#≈≈≈P..
#≈##...#...#
'........#≈##≈)?P.
#≈≈#########
#........##≈##########.##
#.........##≈##≈)$P..#..#
#......... #≈#≈≈$.P..'#.#
#......... #.#≈;@†....#≈#
#......... #.#≈≈;P....#≈#
########. #.##≈..≈..##≈#
.......# ##≈########.##
.......# ##≈≈≈≈≈...##
.......# ##########
.......# ....
.......#####.....
.................


You could see 2 electric eels.

Vanquished Creatures
  A hippogriff (D:6)
  Sigmund (D:6)
  Eustachio (D:5)
  Purgy (Sewer)
  An ice beast (D:5)
  An ogre (D:6)
  2 centaurs
  The ghost of christhawk the Slasher, an amateur DsMo (D:4)
  Blork the orc (D:5)
  2 bullfrogs (D:6)
  A water moccasin skeleton (D:4)
  2 scorpions
  2 vampire bats (D:5)
  An electric eel (D:6)
  2 crimson imps
  A centaur zombie (D:5)
  A bullfrog skeleton (D:5)
  A hound (D:5)
  2 orc wizards (D:5)
  3 worker ants
  A hound skeleton (D:5)
  Robin (D:4)
  4 gnolls (D:6)
  7 adders
  A shadow imp (D:5)
  An ooze (D:4)
  5 worms
  4 dart slugs
  4 leopard geckos
  5 orcs
  20 bats
  7 giant cockroaches
  16 goblins
  8 hobgoblins
  6 jackals
  9 kobolds
  3 quokkas
  3 ball pythons
  7 frilled lizards
  A leopard gecko skeleton (D:4)
  A leopard gecko zombie (D:5)
  7 rats
149 creatures vanquished.

Vanquished Creatures (others)
  A bat (D:2)
1 creature vanquished.

Grand Total: 150 creatures vanquished

Notes
Turn   | Place    | Note
-------+----------+-------------------------------------------
     0 | D:1      | Idiomancer the Demonspawn Berserker began the quest for the Orb.
     0 | D:1      | Reached XP level 1. HP: 18/18 MP: 1/1
   137 | D:1      | Gained mutation: You regenerate a little health from kills. [demonic ancestry]
   137 | D:1      | Reached XP level 2. HP: 11/24 MP: 2/2
   570 | D:1      | Gained mutation: You have large cloven feet. [demonic ancestry]
   570 | D:1      | Reached XP level 3. HP: 28/29 MP: 3/3
   857 | D:2      | Found a white marble altar of Elyvilon.
  1008 | D:2      | Reached ** piety under Trog
  1634 | D:2      | Reached XP level 4. HP: 30/35 MP: 4/4
  1837 | D:3      | Found a glowing drain.
  1902 | Sewer    | Entered a sewer
  1944 | Sewer    | Noticed Purgy
  1964 | Sewer    | Killed Purgy
  1964 | Sewer    | Reached skill level 4 in Fighting
  1964 | Sewer    | Gained mutation: You sometimes gain a little power by taking damage. [demonic ancestry]
  1964 | Sewer    | Reached XP level 5. HP: 18/42 MP: 5/5
  2363 | D:3      | Found an iron altar of Okawaru.
  2861 | D:4      | Noticed Robin
  2876 | D:4      | Killed Robin
  2983 | D:4      | Gained mutation: You sometimes gain power by taking damage. [demonic ancestry]
  2983 | D:4      | Reached XP level 6. HP: 47/49 MP: 6/6
  3217 | D:4      | Reached *** piety under Trog
  3307 | D:4      | Noticed christhawk's ghost (amateur DsMo)
  3318 | D:4      | Killed christhawk's ghost
  3360 | D:4      | Found a sparkling altar of Nemelex Xobeh.
  3650 | D:5      | Entered Level 5 of the Dungeon
  3675 | D:5      | Noticed Blork the orc
  3689 | D:5      | Killed Blork the orc
  3689 | D:5      | Reached skill level 5 in Fighting
  3689 | D:5      | Reached XP level 7. HP: 23/56 MP: 7/7
  3739 | D:5      | Found a glowing golden altar of the Shining One.
  3781 | D:5      | Noticed Eustachio
  3795 | D:5      | Killed Eustachio
  3795 | D:5      | Reached skill level 5 in Long Blades
  4073 | D:5      | Reached skill level 5 in Armour
  4119 | D:5      | Reached skill level 6 in Fighting
  4127 | D:5      | Reached XP level 8. HP: 39/64 MP: 8/8
  4665 | D:6      | Found a blossoming altar of Fedhas.
  5002 | D:6      | Noticed Sigmund
  5016 | D:6      | Killed Sigmund
  5016 | D:6      | Reached skill level 7 in Fighting
  5213 | D:6      | Found a sparkling altar of Nemelex Xobeh.
  5338 | D:6      | Noticed a hippogriff
  5370 | D:6      | Killed a hippogriff
  5370 | D:6      | Gained mutation: You have sharp fingernails. [demonic ancestry]
  5370 | D:6      | Reached XP level 9. HP: 11/72 MP: 9/9
  5472 | D:6      | HP: 3/108 [electric eel/bolt of electricity (7)]
  5473 | D:6      | Killed from afar by an electric eel

Vault maps used:
D:1:      eino_arrival_cavern_e
D:2:      elyvilon_altar_4
D:3:      lemuel_crystal_altar, gup_sewer_entry_glass, first_bread
D:4:      nemelex_spade_bored_becter, uniq_robin
D:5:      minmay_diamond_boxcup, kennysheep_little_box,
          minmay_guarded_unrand_vampires_tooth, uniq_eustachio,
          uniq_blork_the_orc
D:6:      cheibrodos_two_vegetables, nemelex_xobeh_ov_fountains_minmay,
          basic_altar, uniq_sigmund
Sewer:    sewer_big_baddie

Skill      XL: |  1  2  3  4  5  6  7  8 |
---------------+-------------------------+-----
Armour         | 2 3 4 5 6 |  6.5
Long Blades    | 3 4 5 6 |  6.9
Fighting       | 4 5 6 7 |  7.3
Dodging        | |  1.7

Action                   |  1- 3 |  4- 6 |  7- 9 || total
-------------------------+-------+-------+-------++-------
Melee: Falchion          |   153 |   223 |   122 ||   498
       Kick              |    23 |    87 |   137 ||   247
       Dagger            |       |       |   197 ||   197
Invok: Berserk           |     1 |     2 |     5 ||     8
       Trog's Hand       |     1 |     1 |     2 ||     4
       Burn Spellbooks   |       |       |     1 ||     1
  Use: Scroll            |       |     5 |     2 ||     7
  Eat: Chunk             |     4 |    23 |    15 ||    42
Armor: Animal skin       |    19 |       |       ||    19
       Ring mail         |    44 |    59 |       ||   103
       Troll leather arm |       |    62 |   132 ||   194
Dodge: Dodged            |   112 |   176 |   211 ||   499
       Rpst.: Falchion   |    41 |    56 |    34 ||   131
